 Dungeon Crawl Stone Soup version 0.29.0-15-g675c0067aa (webtiles) character file.

Game seed: 8563287822728433548

125 qw the Sneak (level 5, -4/32 HPs)
             Began as a Gargoyle Delver on Sept 11, 2022.
             Was an Initiate of Okawaru.
             Slain by a kobold brigand
             ... wielding a +0 short sword
              (7 damage)
             ... on level 6 of the Dungeon.
             The game lasted 00:00:20 (901 turns).

qw the Sneak (Gargoyle Delver)                       Turns: 901, Time: 00:00:20

Health: -4/32      AC:  9    Str: 18    XL:     5   Next: 9%
Magic:  5/5        EV: 11    Int: 10    God:    Okawaru [......]
Gold:   0          SH:  0    Dex: 11    Spells: 4/4 levels left

rFire   . . .      SeeInvis .   Y - +1 hand axe
rCold   . . .      Faith    .   (no shield)
rNeg    + . .      Spirit   .   b - +0 leather armour
rPois   inf        Reflect  .   (no helmet)
rElec   +          Harm     .   (no cloak)
rCorr   .          Rampage  .   e - +0 pair of gloves
Will    .....                   c - +0 pair of boots
Stlth   +++.......              (no amulet)
HPRegen 0.10/turn               (no ring)
MPRegen 0.09/turn               (no ring)

@: no status effects
A: sickness immunity, AC +4, negative energy resistance 1, electricity
resistance, torment resistance 1, petrification resistance
a: Renounce Religion


You were on level 6 of the Dungeon.
You worshipped Okawaru.
Okawaru was noncommittal.
You visited 2 branches of the dungeon, and saw 3 of its levels.


Innate Abilities, Weirdness & Mutations

You are immune to sickness and miasma.
Your stone body is resilient. (AC +4)
You are immune to poison.
You resist negative energy. (rN+)
You are resistant to electric shocks. (rElec)
You are resistant to unholy torment.
You are immune to petrification.


   Skills:
 - Level 3.2 Fighting
 - Level 4.6 Axes
 + Level 0.0 Armour
 - Level 1.5 Dodging
 - Level 5.4 Stealth


You had 4 spell levels left.
You didn't know any spells.
Your spell library was empty.

Inventory:

Hand Weapons
 Y - a +1 hand axe (weapon)
Armour
 b - a +0 leather armour (worn)
 c - a +0 pair of boots (worn)
 e - a +0 pair of gloves (worn)
Wands
 g - a wand of digging (3)
Potions
 f - a potion of haste

Dungeon Overview and Level Annotations

Branches:
Dungeon (6/15)             Temple (1/1) D:5

Altars:
Ashenzari
Cheibriados
Dithmenos
Makhleb
Okawaru
Qazlal
Ru
Sif Muna
Yredelemnul
Zin

Annotations:
D:6 Prince Ribbit


Message History

The kobold brigand is severely wounded.
The kobold brigand barely misses you.
You hit the kobold brigand but do no damage.
The kobold brigand is severely wounded.
The kobold brigand hits you with a +0 short sword.
889 ||| Stepping ~*~*~tactically~*~*~ (stealth).
890 ||| Stepping ~*~*~tactically~*~*~ (stealth).
The kobold brigand attacks as you move away!
The kobold brigand hits you with a +0 short sword.
You hit the kobold brigand but do no damage.
The kobold brigand is severely wounded.
The kobold brigand misses you.
892 ||| Stepping ~*~*~tactically~*~*~ (stealth).
893 ||| Stepping ~*~*~tactically~*~*~ (stealth).
The kobold brigand throws a curare-tipped dart.
The curare-tipped dart closely misses you.
You see here a +0 club.
894 ||| Stepping ~*~*~tactically~*~*~ (stealth).
Things that are here:
a +0 dagger; 2 stones; a +0 short sword of holy wrath
895 ||| Stepping ~*~*~tactically~*~*~ (stealth).
The kobold brigand throws a curare-tipped dart.
The curare-tipped dart hits you.
896 ||| Stepping ~*~*~tactically~*~*~ (stealth).
You hit the kobold brigand.
The kobold brigand is severely wounded.
The kobold brigand hits you with a +0 short sword!
You closely miss the kobold brigand.
The kobold brigand is severely wounded.
The kobold brigand hits you but does no damage.
You closely miss the kobold brigand.
The kobold brigand is severely wounded.
The kobold brigand hits you with a +0 short sword!
You closely miss the kobold brigand.
The kobold brigand is severely wounded.
The kobold brigand closely misses you.
You hit the kobold brigand but do no damage.
The kobold brigand is severely wounded.
The kobold brigand hits you with a +0 short sword!
You die...

....##.#......##.##......
.......##.#...##.##.....#
!...#...#................
..............##.#..###.#
...>....#...#.##........#
.....)..K............#...
....#..##.##.##.........
. #)K##.##.##.......#.
#).@..............##
.##.##.#...#.........
....##.............##
...........##.......##
......###...###.........
...... #...# #.......##
##..........# #########
#..........# ........#


You could see a kobold brigand (strong).

Vanquished Creatures
  A necrophage (D:6)
  2 hounds (D:6)
  An orc (D:5)
  5 kobolds (D:6)
9 creatures vanquished.

Notes
Turn   | Place    | Note
-------+----------+-------------------------------------------
     0 | D:5      | qw the Gargoyle Delver began the quest for the Orb.
     0 | D:5      | Reached XP level 1. HP: 14/14 MP: 1/1
     0 | D:5      | 0 ||| qw: Version: 0.1-a-117-gfe26ee0
     0 | D:5      | 0 ||| qw: Game counter: 10082
     0 | D:5      | 0 ||| qw: Always use a shield: true
     0 | D:5      | 0 ||| qw: God list: Okawaru
     0 | D:5      | 0 ||| qw: Allow faded altars: false
     0 | D:5      | 0 ||| qw: Do Orc after D:15 true
     0 | D:5      | 0 ||| qw: Do second Lair branch before Depths: true
     0 | D:5      | 0 ||| qw: Lair rune preference: random
     0 | D:5      | 0 ||| qw: Plans: Normal
     0 | D:5      | 0 ||| PLANNING D:1-11
     0 | D:5      | Found a staircase to the Ecumenical Temple.
     1 | D:5      | 1 ||| PLANNING TEMPLE
     1 | D:5      | 1 ||| DROPPING scroll of fog.
     2 | D:5      | 2 ||| DROPPING scroll of magic mapping.
     3 | D:5      | 3 ||| DROPPING scroll of fear.
     8 | Temple   | Entered the Ecumenical Temple
   148 | Temple   | 148 ||| PLANNING D:1-11
   165 | Temple   | Became a worshipper of Warmaster Okawaru
   215 | D:6      | Noticed a necrophage
   216 | D:6      | 216 ||| Stepping ~*~*~tactically~*~*~ (stealth).
   218 | D:6      | Noticed a hound
   230 | D:6      | Killed a hound
   231 | D:6      | Reached skill level 3 in Axes
   231 | D:6      | Reached XP level 2. HP: 5/19 MP: 2/2
   231 | D:6      | Reached XP level 3. HP: 7/23 MP: 3/3
   482 | D:6      | 482 ||| Stepping ~*~*~tactically~*~*~ (stealth).
   484 | D:6      | 484 ||| Stepping ~*~*~tactically~*~*~ (stealth).
   498 | D:6      | Reached XP level 4. HP: 11/28 MP: 4/4
   498 | D:6      | 498 ||| FLEEEEING.
   499 | D:6      | 499 ||| FLEEEEING.
   500 | D:6      | 500 ||| FLEEEEING.
   501 | D:6      | 501 ||| FLEEEEING.
   502 | D:6      | 502 ||| FLEEEEING.
   503 | D:6      | 503 ||| FLEEEEING.
   504 | D:6      | 504 ||| FLEEEEING.
   505 | D:6      | 505 ||| FLEEEEING.
   506 | D:6      | 506 ||| FLEEEEING.
   507 | D:6      | 507 ||| FLEEEEING.
   508 | D:6      | 508 ||| FLEEEEING.
   509 | D:6      | 509 ||| FLEEEEING.
   510 | D:6      | 510 ||| FLEEEEING.
   511 | D:6      | 511 ||| FLEEEEING.
   512 | D:6      | 512 ||| FLEEEEING.
   513 | D:6      | 513 ||| FLEEEEING.
   514 | D:6      | 514 ||| FLEEEEING.
   515 | D:6      | 515 ||| FLEEEEING.
   516 | D:6      | 516 ||| STAIRDANCE
   690 | D:5      | 690 ||| UPGRADING to +0 pair of boots.
   695 | D:5      | 695 ||| UPGRADING to +0 pair of gloves.
   700 | D:5      | 700 ||| READING scroll labelled QIETEX QATHRAORGH.
   711 | D:6      | 711 ||| Stepping ~*~*~tactically~*~*~ (stealth).
   726 | D:6      | Killed a necrophage
   727 | D:6      | Reached XP level 5. HP: 23/32 MP: 5/5
   869 | D:6      | Noticed a kobold brigand
   872 | D:6      | 872 ||| Stepping ~*~*~tactically~*~*~ (stealth).
   874 | D:6      | 874 ||| Stepping ~*~*~tactically~*~*~ (stealth).
   875 | D:6      | Noticed Prince Ribbit
   876 | D:6      | 876 ||| Stepping ~*~*~tactically~*~*~ (stealth).
   878 | D:6      | 878 ||| Stepping ~*~*~tactically~*~*~ (stealth).
   882 | D:6      | 882 ||| Stepping ~*~*~tactically~*~*~ (stealth).
   886 | D:6      | 886 ||| Stepping ~*~*~tactically~*~*~ (stealth).
   889 | D:6      | 889 ||| Stepping ~*~*~tactically~*~*~ (stealth).
   890 | D:6      | 890 ||| Stepping ~*~*~tactically~*~*~ (stealth).
   892 | D:6      | 892 ||| Stepping ~*~*~tactically~*~*~ (stealth).
   893 | D:6      | 893 ||| Stepping ~*~*~tactically~*~*~ (stealth).
   894 | D:6      | 894 ||| Stepping ~*~*~tactically~*~*~ (stealth).
   895 | D:6      | 895 ||| Stepping ~*~*~tactically~*~*~ (stealth).
   896 | D:6      | 896 ||| Stepping ~*~*~tactically~*~*~ (stealth).
   899 | D:6      | HP: 3/32 [kobold brigand/+0 short sword (13)]
   901 | D:6      | Slain by a kobold brigand

Levels and vault maps discovered:
D:5:      layout_loops_ring, minmay_overflow_temple_hex,
          minmay_temple_entry_from_below_a, gammafunk_ghost_cemetery,
          serial_shops, shop, minivault_25
D:6:      layout_basic, serial_shops, kennysheep_mini,
          hangedman_abyss_or_decor_lesser_grid, uniq_prince_ribbit1
Temple:   hellmonk_temple_flake

Skill      XL: |  1  2  3  4 |
---------------+-------------+-----
Axes           | 3 4 |  4.6
Fighting       | |  3.2
Dodging        | |  1.5
Stealth        | |  5.4

Action                   |  1- 3 |  4- 6 || total
-------------------------+-------+-------++-------
Melee: Hand axe          |    18 |    35 ||    53
  Use: Scroll            |       |     1 ||     1
Armor: Leather armour    |     9 |     9 ||    18
Dodge: Dodged            |    20 |    18 ||    38

Table legend:
 A = Non-vault XP
 B = Vault XP
 C = Vault XP percentage of total XP
 D = Non-vault monster count
 E = Vault monster count
 F = Vault count percentage of total count
                 A         B        C        D         E       F
            +---------+---------+-------+---------+---------+-------
      Total |     179 |       0 |   0.0 |       9 |       0 |   0.0
            +---------+---------+-------+---------+---------+-------
        D:5 |       3 |       0 |   0.0 |       1 |       0 |   0.0
        D:6 |     176 |       0 |   0.0 |       8 |       0 |   0.0
            +---------+---------+-------+---------+---------+-------
